 Dungeon Crawl Stone Soup version 0.32-a0-391-gce5c0aab1b (webtiles) character file.

Game seed: 5147112660026326248

327 2tousent the Shooter (level 6, -8/47 HPs)
             Began as a Coglin Hunter on Feb 19, 2024.
             Mangled by Pikel
             ... wielding a +2 whip of electrocution
              (17 damage)
             ... on level 4 of the Dungeon.
             The game lasted 00:04:56 (2166 turns).

2tousent the Shooter (Coglin Hunter)                Turns: 2166, Time: 00:04:56

Health: -8/47      AC:  4    Str: 11    XL:     6   Next: 50%
Magic:  6/6        EV: 13    Int:  9    God:
Gold:   58         SH:  0    Dex: 19    Spells: 5/5 levels left

rFire   . . .        i - +0 sling {Ealamassi}
rCold   . . .        n - +0 sling {Kiyoto}
rNeg    . . .        c - +0 leather armour
rPois   .            (no helmet)
rElec   .            g - +0 cloak
rCorr   .            (no gloves)
SInv    .            (no boots)
Will    .....        (no amulet)
Stlth   ++           (no ring)
HPRegen 0.27/turn    (no ring)
MPRegen 0.10/turn

%: no passive effects
@: revved, stiff-legged, very slow
A: off-hand wielding, slow wielding, warmup strikes, warmup strides
a: no special abilities


You were on level 4 of the Dungeon.
You visited 1 branch of the dungeon, and saw 4 of its levels.

You collected 73 gold pieces.
You spent 15 gold pieces at shops.

Inventory:

Hand Weapons
 a - a +0 shortbow {Bor}
 i - a +0 sling (weapon) {Ealamassi}
 n - a +0 sling (worn) {Kiyoto}
Armour
 c - a +0 leather armour (worn)
 g - a +0 cloak (worn)
Jewellery
 k - a ring of positive energy
Scrolls
 b - a scroll of butterflies
Potions
 d - 4 potions of curing
 f - a potion of mutation {unknown}
 h - a potion of enlightenment
 l - a potion of might
 m - a potion of heal wounds
 o - a potion of berserk rage


   Skills:
 + Level 3.4 Fighting
 * Level 5.2 Ranged Weapons
 + Level 2.3 Armour
 + Level 3.0 Dodging
 - Level 0.7 Stealth


You had 5 spell levels left.
You didn't know any spells.
Your spell library contained the following spells:

 Spells                   Type           Power      Damage    Failure   Level
 Blink                    Tloc           0%         N/A       63%         2
 Lesser Beckoning         Tloc           0%         N/A       63%         2
 Momentum Strike          Conj/Tloc      0%         3d8       63%         2
 Fugue of the Fallen      Necr           0%         N/A       85%         3
 Ozocubu's Armour         Ice            0%         N/A       85%         3
 Manifold Assault         Tloc           0%         N/A       99%         4


Dungeon Overview and Level Annotations

Branches:
Dungeon (4/15)
 Temple: D:4-7

Altars:
Uskayaw

Shops:
D:3 (

Annotations:
D:4 Pikel


Innate Abilities, Weirdness & Mutations

You can wield a second weapon in your off-hand.
It takes a long time for you to wield or remove held weapons.
Your first few attacks do less damage.
Your first movements take longer.


Message History

Pikel closely misses you.
Unknown command.
Fire: i) +0 sling {Ealamassi}
Press: ? - help, Q - select action Shift-Dir - straight line, f/p - Pikel
Aim: Pikel, wielding a +2 whip of electrocution and wearing a +2 robe of willpower (heavily wounded, 55% to hit)
You shoot a sling bullet. The sling bullet closely misses Pikel.
The sling bullet closely misses the lemure.
The sling bullet hits the lemure.
The lemure is moderately wounded.
You shoot a sling bullet.
The sling bullet hits Pikel but does no damage.
Pikel is heavily wounded.
Pikel hits you with a +2 whip of electrocution.
Pikel misses you.
Fire: i) +0 sling {Ealamassi}
Press: ? - help, Q - select action Shift-Dir - straight line, f/p - Pikel
Aim: Pikel, wielding a +2 whip of electrocution and wearing a +2 robe of willpower (heavily wounded, 55% to hit)
You shoot a sling bullet. The sling bullet barely misses Pikel.
The sling bullet barely misses the lemure.
The sling bullet closely misses the lemure. x2
You shoot a sling bullet. The sling bullet barely misses Pikel.
The sling bullet hits the lemure but does no damage.
The lemure is lightly wounded.
Pikel hits you with a +2 whip of electrocution!
* * * LOW HITPOINT WARNING * * *
Fire: i) +0 sling {Ealamassi}
Press: ? - help, Q - select action Shift-Dir - straight line, f/p - Pikel
Aim: Pikel, wielding a +2 whip of electrocution and wearing a +2 robe of willpower (heavily wounded, 55% to hit)
You shoot a sling bullet.
The sling bullet hits Pikel but does no damage.
Pikel is heavily wounded.
You shoot a sling bullet. The sling bullet closely misses Pikel.
The sling bullet hits the lemure.
The lemure is moderately wounded.
Pikel hits you with a +2 whip of electrocution.
* * * LOW HITPOINT WARNING * * *
You are electrocuted!
You die...
Pikel says, "Another soul for the market."

#########
.########<.......
...555K@.........
.################


You could see Pikel and 3 lemures.

Vanquished Creatures
  A black bear (D:3)
  A lemure (D:4)
  Jessica (D:2)
  An orc wizard (D:2)
  5 adders
  3 dart slugs (D:1)
  3 orcs (D:2)
  6 ball pythons
  6 endoplasms
  3 giant cockroaches
  7 hobgoblins
  4 jackals (D:2)
  4 quokkas
  14 bats
  3 frilled lizards
  6 goblins
  3 kobolds
  8 rats
79 creatures vanquished.

Notes
Turn   | Place    | Note
-------+----------+-------------------------------------------
     0 | D:1      | 2tousent the Coglin Hunter began the quest for the Orb.
     0 | D:1      | Reached XP level 1. HP: 16/16 MP: 1/1
    54 | D:1      | Reached XP level 2. HP: 20/22 MP: 2/2
   131 | D:1      | Reached XP level 3. HP: 27/27 MP: 3/3
   133 | D:1      | Reached skill level 4 in Ranged Weapons
   289 | D:1      | Reached skill level 1 in Armour
   649 | D:2      | Reached XP level 4. HP: 22/34 MP: 4/4
   748 | D:2      | Reached XP level 5. HP: 40/40 MP: 5/5
   862 | D:2      | Noticed Jessica
   870 | D:2      | Killed Jessica
   959 | D:2      | Found a faded altar of an unknown god.
  1037 | D:2      | Prayed at the altar of an unknown god.
  1037 | D:2      | Became a worshipper of Uskayaw the Reveller
  1037 | D:2      | Reached * piety under Uskayaw
  1039 | D:2      | Fell from the grace of Uskayaw
  1623 | D:3      | Found Fyuso's Weapon Shoppe.
  1631 | D:3      | Bought a +0 sling for 15 gold pieces
  1653 | D:3      | Noticed a black bear
  1661 | D:3      | Killed a black bear
  1662 | D:3      | Reached skill level 5 in Ranged Weapons
  1662 | D:3      | Reached XP level 6. HP: 23/47 MP: 6/6
  2140 | D:4      | Noticed Pikel
  2166 | D:4      | Mangled by Pikel

Illustrated notes

Levels and vault maps discovered:
D:1:      ncdulo_watergridlock, layout_basic
D:2:      layout_rooms, shapermc_ecumenical_altar_notcrosses, uniq_jessica
D:3:      layout_loops_ring, serial_shops, shop, minmay_shallow_snake_nest
D:4:      layout_basic, kennysheep_mini_moat, mainiacjoe_overflow_paths,
          gammafunk_temple_overflow_wave, nicolae_ossuary_entry_false_entrances,
          serial_library_regret_index_double_sided, guppyfry_early_orc_mine,
          uniq_pikel

Skill      XL: |  1  2  3  4  5 |
---------------+----------------+-----
Dodging        | 2 3 |  3.0
Ranged Weapons | 4 5 |  5.2
Armour         | 1 2 |  2.3
Fighting       | 3 |  3.4
Stealth        | |  0.7

Action                     |  1- 3 |  4- 6 || total
---------------------------+-------+-------++-------
   Fire: Shortbow          |    77 |   113 ||   190
         Sling             |       |   110 ||   110
 Invoke: Stomp             |       |     1 ||     1
         Renounce Religion |       |     1 ||     1
    Use: Scroll            |       |    11 ||    11
 Armour: Leather armour    |    11 |    59 ||    70
  Dodge: Dodged            |    22 |    79 ||   101

Table legend: (Time is in decaauts)
 A = Elapsed time spent in this place.
 B = Non-inter-level travel time spent in this place.
 C = Inter-level travel time spent in this place.
 D = Time resting spent in this place.
 E = Time spent auto-exploring this place.
 F = Levels seen in this place.
 G = Mean time per level.
                   A        B        C        D        E       F      G
               +--------+--------+--------+--------+--------+-----+--------+
         Total |   2300 |   2162 |    138 |      0 |   1687 |   4 |  575.0 |
       Dungeon |   2300 |   2162 |    138 |      0 |   1687 |   4 |  575.0 |
               +--------+--------+--------+--------+--------+-----+--------+

Top non-repeatable levels by time:
     D:3: 875 daAuts
     D:2: 703 daAuts
     D:1: 685 daAuts
     D:4: 35 daAuts
